 Dungeon Crawl Stone Soup version 0.23.2 (webtiles) character file.

Game seed: 11394275067242784053

648 FakeJameh the Ruffian (level 7, -11/60 HPs)
             Began as a Ghoul Warper on Apr 28, 2019.
             Shot with an arrow by a centaur (14 damage)
             ... on level 6 of the Dungeon on Apr 29, 2019.
             The game lasted 00:44:56 (5816 turns).

FakeJameh the Ruffian (Ghoul Warper)                Turns: 5816, Time: 00:44:57

Health: -11/60     AC:  4    Str: 15    XL:     7   Next: 53%
Magic:  8/11       EV: 12    Int: 18    God:
Gold:   263        SH:  0    Dex:  8    Spells: 0/13 levels left

rFire    . . .     SeeInvis .     - Unarmed
rCold    + . .     Gourm    .   (no shield)
rNeg     + + +     Faith    +   a - +0 leather armour
rPois    ∞         Spirit   .   (no helmet)
rElec    .         Reflect  .   i - scarf {repulsion}
rCorr    .         Harm     .   (no gloves)
MR       .....                  b - +0 pair of boots
Stlth    +.........             A - amulet of faith
HPRegen  0.00/turn              l - +4 ring of intelligence
MPRegen  0.12/turn              B - +4 ring of intelligence

@: very slightly contaminated, rotting, repel missiles
A: rotting body, claws 1, carnivore, cold resistance 1, negative energy
resistance 3, inhibited regeneration, torment resistance, unbreathing
a: no special abilities


You were on level 6 of the Dungeon.
You were not hungry.

You visited 1 branch of the dungeon, and saw 8 of its levels.

You collected 263 gold pieces.

Inventory:

Hand Weapons
 n - a +0 blowgun
 t - a +1 dagger of venom
 w - a +1 antimagic dagger
 x - a +2 falchion of slicing
 M - a +2 flail of protection
Missiles
 d - 5 tomahawks of dispersal (quivered)
 k - a throwing net
 s - 7 tomahawks
 u - 11 poisoned needles
 y - 5 tomahawks of returning
Armour
 a - a +0 leather armour (worn)
 b - a +0 pair of boots (worn)
 i - a scarf of repulsion (worn)
 p - a +0 ring mail
 E - a +0 chain mail
 L - a +0 robe of cold resistance
Magical Staves
 O - an uncursed staff of fire
Jewellery
 l - a +4 ring of intelligence (left claw)
 A - an amulet of faith (around neck)
 B - a +4 ring of intelligence (right claw)
Wands
 z - a wand of flame (20)
 J - a wand of polymorph (10)
Scrolls
 c - a scroll of blinking
 h - 4 scrolls of remove curse
 o - a scroll of magic mapping
 q - a scroll of enchant armour {unknown}
 v - a scroll of enchant weapon {unknown}
 F - a scroll of amnesia {unknown}
 H - a scroll of random uselessness {unknown}
 I - a scroll of fear {unknown}
 K - a scroll of immolation {unknown}
 P - 2 scrolls of fog
Potions
 j - 3 potions of magic
 m - a potion of degeneration {unknown}
 r - a potion of ambrosia {unknown}
 D - a potion of haste {unknown}
 G - a potion of lignification {unknown}
 N - a potion of might {unknown}
Comestibles
 f - 10 rations


   Skills:
 + Level 4.3 Fighting
 - Level 0.8 Throwing
 - Level 0.8 Armour
 - Level 2.6 Dodging
 + Level 1.5 Stealth
 - Level 5.0 Unarmed Combat
 * Level 3.8 Spellcasting
 + Level 1.0 Charms
 + Level 3.4 Translocations


You couldn't memorise any spells.
You knew the following spells:

 Your Spells              Type           Power        Failure   Level  Hunger
a - Blink                 Tloc           N/A          7%          2    ##.....
b - Shroud of Golubria    Chrm/Tloc      ##........   11%         2    ##.....
c - Lesser Beckoning      Tloc           ###.......   14%         3    ###....
d - Gell's Gravitas       Tloc           ###.......   14%         3    ###....
e - Teleport Other        Tloc           ###.....     14%         3    ###....

Your spell library contained the following spells:

 Spells                   Type           Power        Failure   Level  Hunger
 Passage of Golubria      Tloc           N/A          41%         4    ####...


Dungeon Overview and Level Annotations

Branches:
Dungeon (8/15)
 Temple: D:4-7         Lair: D:8-11

Altars:
Elyvilon
Fedhas
Hepliaklqana
Qazlal

Annotations:
D:8 Psyche


Innate Abilities, Weirdness & Mutations

Your body is rotting away.
You thrive on raw meat.
You are immune to poison.
You have sharp fingernails.
You are carnivorous and can eat meat at any time.
Your flesh is cold resistant. (rC+)
You are immune to negative energy. (rN+++)
You do not regenerate when monsters are visible.
You are immune to unholy pain and torment.
You can survive without breathing.


Message History

Okay, then.
Okay, then.
As you read the scroll labeled EDIBEE KIKKA, it crumbles to dust.
The scroll dissolves into smoke.
It was a scroll of fog.
The centaur shoots an arrow.
The arrow hits you.
* * * LOW HITPOINT WARNING * * *
Okay, then.
Okay, then.
Okay, then.
Casting: Shroud of Golubria (safe; 11% risk of failure)
Confirm with . or Enter, or press ? or * to list all spells.
Okay, then.
Casting: Shroud of Golubria (safe; 11% risk of failure)
Confirm with . or Enter, or press ? or * to list all spells.
Aiming: Teleport Other (safe; 14% risk of failure)
Press: ? - help, Shift-Dir - straight line, f - centaur
Aim: a centaur, wielding a +0 shortbow (purple smoke, heavily wounded, chance to defeat MR: 51%)
The centaur looks slightly unstable.
The centaur shoots an arrow.
The arrow hits you!
You die...

#..
...................
####
#####.......##.....
#.......)...##.####
#.................
#.................
#####.................
#...§§§c..............
#...§§§##...(.######..
#...§§@##.....##...##.
#########....##.....##
#....#.......#
##...[..._...#
#...#.......#
#...##.....##
#....##...##
#....(######
#.....(....#


You could see a centaur.

Vanquished Creatures
  2 bullfrogs
  A scorpion (D:5)
  A centaur skeleton (D:6)
  An orc priest (D:5)
  2 hounds
  4 orc wizards
  4 worker ants (D:4)
  A hound zombie (D:5)
  A hound skeleton (D:4)
  3 adders
  2 worms
  3 dart slugs
  5 leopard geckos
  13 orcs
  7 bats
  3 giant cockroaches
  9 hobgoblins
  3 jackals (D:2)
  9 kobolds
  6 quokkas
  2 ball pythons
  2 frilled lizards
  6 goblins
  A quokka skeleton (D:4)
  6 rats
97 creatures vanquished.

Notes
Turn   | Place    | Note
-------+----------+-------------------------------------------
     0 | D:1      | FakeJameh the Ghoul Warper began the quest for the Orb.
     0 | D:1      | Reached XP level 1. HP: 17/17 MP: 2/2
   249 | D:1      | Reached XP level 2. HP: 19/25 MP: 4/4
   790 | D:1      | Reached XP level 3. HP: 24/30 MP: 5/5
   890 | D:2      | Learned a level 2 spell: Blink
   893 | D:2      | Learned a level 2 spell: Shroud of Golubria
   992 | D:2      | Reached skill level 3 in Unarmed Combat
  1100 | D:2      | You fall through a shaft!
  1438 | D:2      | Reached XP level 4. HP: 35/37 MP: 6/6
  1834 | D:3      | Found a stormy altar of Qazlal.
  1836 | D:3      | Found a hazy altar of Hepliaklqana.
  1886 | D:2      | Reached skill level 4 in Unarmed Combat
  2057 | D:3      | Reached XP level 5. HP: 36/45 MP: 7/7
  2169 | D:3      | Learned a level 3 spell: Lesser Beckoning
  2734 | D:4      | Noticed a phantom
  3152 | D:4      | Reached skill level 5 in Unarmed Combat
  3205 | D:4      | Noticed a phantom
  3341 | D:4      | Reached XP level 6. HP: 50/50 MP: 8/8
  3513 | D:5      | Entered Level 5 of the Dungeon
  3935 | D:5      | Reached skill level 1 in Stealth
  4787 | D:5      | Learned a level 3 spell: Gell's Gravitas
  5273 | D:6      | Found a white marble altar of Elyvilon.
  5287 | D:6      | Reached XP level 7. HP: 45/59 MP: 10/10
  5368 | D:6      | You fall through a shaft for 2 floors!
  5453 | D:8      | Noticed a hippogriff
  5530 | D:8      | Noticed Psyche
  5562 | D:7      | Noticed a hippogriff
  5582 | D:7      | Learned a level 3 spell: Teleport Other
  5634 | D:6      | Reached skill level 1 in Charms
  5675 | D:6      | Found a blossoming altar of Fedhas.
  5815 | D:6      | HP: 3/60 [centaur/arrow (6)]
  5816 | D:6      | Shot with an arrow by a centaur

Skill      XL: |  1  2  3  4  5  6  7 |
---------------+----------------------+-----
Spellcasting   | 2 3 |  3.8
Dodging        | 2 |  2.6
Unarmed Combat | 3 4 5 |  5.0
Fighting       | 3 4 |  4.3
Stealth        | 1 |  1.5
Translocations | 3 |  3.4
Charms         | 1 |  1.0
Throwing       | |  0.8
Armour         | |  0.8

Action                   |  1- 3 |  4- 6 |  7- 9 || total
-------------------------+-------+-------+-------++-------
Melee: Unarmed           |   173 |   241 |    57 ||   471
       Punch             |       |     4 |     1 ||     5
 Cast: Shroud of Golubri |     1 |     8 |     2 ||    11
       Blink             |     1 |     7 |     2 ||    10
       Teleport Other    |       |       |     1 ||     1
  Use: Scroll            |       |     7 |     5 ||    12
       Potion            |       |     4 |     2 ||     6
  Eat: Chunk             |    25 |    28 |    14 ||    67
       Ration            |     1 |       |       ||     1
Armor: Leather armour    |    62 |    41 |    17 ||   120
Dodge: Dodged            |   117 |   126 |    53 ||   296
       Deflected         |       |       |     1 ||     1
